 Dungeon Crawl Stone Soup version 0.30-a0-374-g95c0257040 (webtiles) character file.

Game seed: 9590650211660795944

255 Sabo the Digger (level 6, 0/37 HPs)
             Began as an Octopode Earth Elementalist on Nov 25, 2022.
             Slain by an orc priest
             ... wielding a +0 war axe
              (7 damage)
             ... on level 4 of the Dungeon.
             The game lasted 00:19:02 (3140 turns).

Sabo the Digger (Octopode Earth Elementalist)       Turns: 3140, Time: 00:19:03

Health: 0/37       AC:  5    Str:  7    XL:     6   Next: 15%
Magic:  9/11       EV: 13    Int: 20    God:
Gold:   156        SH:  0    Dex: 12    Spells: 11/12 levels left

rFire   . . .      SeeInvis .    p - +3 dagger
rCold   . . .      Faith    .    (no shield)
rNeg    . . .      Spirit   .    (helmet restricted)
rPois   .          Reflect  .    c - amulet of the acrobat
rElec   .          Harm     .    j - ring of resist corrosion
rCorr   +          Rampage  .    d - +4 ring of protection
Will    .....                    (no ring)
Stlth   +++.......               (no ring)
HPRegen 0.26/turn                (no ring)
MPRegen 0.12/turn                (no ring)
                                 (no ring)
                                 (no ring)

@: no status effects
A: almost no armour, amphibious, 8 rings, camouflage 1, gelatinous body 1,
(nimble swimmer 1), tentacles
a: no special abilities


You were on level 4 of the Dungeon.
You visited 1 branch of the dungeon, and saw 4 of its levels.

You collected 156 gold pieces.

Inventory:

Hand Weapons
 i - a +0 hand axe
 p - a +3 dagger (weapon)
Missiles
 b - 6 javelins (quivered)
 t - 2 boomerangs
Jewellery
 c - an amulet of the acrobat (around mantle)
 d - a +4 ring of protection (right tentacle)
 j - a ring of resist corrosion (left tentacle)
Wands
 y - a wand of polymorph (10)
Scrolls
 e - 2 scrolls of summoning
 l - a scroll of amnesia {unknown}
 m - a scroll of fear
 n - a scroll of identify {unknown}
 q - a scroll of torment {unknown}
 r - a scroll of vulnerability {unknown}
 u - a scroll of noise {unknown}
 v - a scroll of magic mapping {unknown}
 x - a scroll of teleportation {unknown}
Potions
 a - a potion of magic
 f - a potion of haste {unknown}
 h - a potion of might {unknown}
 k - 3 potions of heal wounds {unknown}
 o - a potion of berserk rage {unknown}
 s - 2 potions of curing {unknown}
 w - a potion of ambrosia {unknown}
 z - a potion of mutation {unknown}


   Skills:
 + Level 0.9 Fighting
 + Level 0.1 Short Blades
 + Level 1.0 Maces & Flails
 + Level 2.4 Dodging
 + Level 3.4 Stealth
 + Level 3.6 Spellcasting
 + Level 1.0 Transmutations
 + Level 4.9 Earth Magic


You had 11 spell levels left.
You knew the following spells:

 Your Spells              Type           Power      Damage    Failure   Level
a - Sandblast             Erth           46%        2d11      1%          1

Your spell library contained the following spells:

 Spells                   Type           Power      Damage    Failure   Level
 Passwall                 Tmut/Erth      12%        N/A       6%          2
 Stone Arrow              Conj/Erth      26%        3d8       14%         3
 Petrify                  Tmut/Erth      15%        N/A       36%         4
 Frozen Ramparts          Ice            6%         1d1       38%         3
 Ice Form                 Ice/Tmut       5%         N/A       71%         4
 Summon Ice Beast         Ice/Summ       3%         N/A       80%         4


Dungeon Overview and Level Annotations

Branches:
Dungeon (4/15)
 Temple: D:4-7

Altars:
Zin


Innate Abilities, Weirdness & Mutations

You cannot wear most types of armour.
You are amphibious.
You can wear up to eight rings at the same time.
Your skin changes colour to match your surroundings (Stealth+).
Your rubbery body absorbs attacks. (AC +1, EV +1)
((You are camouflaged when in or above water. (Stealth+)))
You have tentacles for arms and can constrict up to eight enemies at once.


Message History

You hit the orc.
You kill the orc!
The hobgoblin hits you. The hobgoblin completely misses you.
Things that are here:
a +0 whip; a +0 scale mail The hobgoblin completely misses you.
The orc priest looks satisfied for a moment.
The hobgoblin attacks as you move away! The hobgoblin completely misses you.
You barely miss the hobgoblin. You grab the hobgoblin.
You constrict the hobgoblin. The hobgoblin barely misses you.
You hit the hobgoblin. You squeeze the hobgoblin.
The hobgoblin is almost dead.
You constrict the hobgoblin.
You kill the hobgoblin!
The orc priest calls down the wrath of Beogh upon you.
Pain shoots through your body!
You hit the orc. Your grab misses the orc. Your squeeze misses the orc.
The orc is moderately wounded.
The orc hits you with a +0 dagger.
You closely miss the orc. You grab the orc.
The orc is moderately wounded.
You constrict the orc. The orc closely misses you.
You hit the orc.
The orc is severely wounded.
You constrict the orc. The orc hits you with a +0 dagger.
You hit the orc.
You kill the orc!
The orc priest mumbles some strange prayers to Beogh against you.
Beogh smites you!
* * * LOW HITPOINT WARNING * * *
You completely miss the orc. Your grab misses the orc.
The orc barely misses you.
You closely miss the orc. You grab the orc. You squeeze the orc!
You kill the orc!
You hit the orc priest. You grab the orc priest.
The orc priest is moderately wounded.
You constrict the orc priest.
The orc priest hits you with a +0 war axe!
You die...

# . .#
#####.#
#@#ogS
#o#o#
..o.......#
#S..##
.og......#
##.##<#
......$.#
+..##.#
.......
#..##.#
s....
#.....# ...
####.## #.#
#)#### #.#


You could see an orc priest and a ball python.

Vanquished Creatures
  A phantom (D:4)
  A howler monkey (D:2)
  An orc wizard (D:4)
  6 adders
  4 worms
  A dart slug (D:2)
  4 orcs
  9 bats
  4 endoplasms
  A giant cockroach (D:2)
  5 hobgoblins
  2 kobolds (D:1)
  A quokka (D:1)
  5 ball pythons
  4 frilled lizards
  3 goblins
  3 rats
55 creatures vanquished.

Notes
Turn   | Place    | Note
-------+----------+-------------------------------------------
     0 | D:1      | Sabo the Octopode Earth Elementalist began the quest for
                  | the Orb.
     0 | D:1      | Reached XP level 1. HP: 11/11 MP: 3/3
   479 | D:1      | Reached XP level 2. HP: 17/17 MP: 3/5
  1434 | D:2      | Reached XP level 3. HP: 21/21 MP: 4/6
  1695 | D:2      | Reached XP level 4. HP: 27/27 MP: 4/8
  1751 | D:2      | Reached skill level 4 in Earth Magic
  2077 | D:3      | Reached XP level 5. HP: 28/32 MP: 7/9
  2265 | D:3      | Found a glowing silver altar of Zin.
  2265 | D:3      | Noticed an angel
  2693 | D:3      | Reached skill level 1 in Maces & Flails
  3024 | D:3      | Identified a scroll of acquirement
  3024 | D:3      | Acquired a +4 ring of protection
  3057 | D:4      | Noticed a phantom
  3065 | D:4      | Killed a phantom
  3120 | D:4      | Reached XP level 6. HP: 37/37 MP: 6/11
  3140 | D:4      | Slain by an orc priest

Illustrated notes

Levels and vault maps discovered:
D:1:      dpeg_arrival_simpleton_b, layout_loops_cross, nrook_uturn
D:2:      layout_rooms
D:3:      layout_basic, zin_angel, hangedman_decor_points
D:4:      layout_basic, nicolae_ossuary_entry_false_entrances

Skill      XL: |  1  2  3  4  5 |
---------------+----------------+-----
Stealth        | 3 |  3.4
Earth Magic    | 4 |  4.9
Maces & Flails | 1 |  1.0
Spellcasting   | 3 |  3.6
Fighting       | |  0.9
Short Blades   | |  0.1
Dodging        | |  2.4
Transmutations | |  1.0

Action                   |  1- 3 |  4- 6 || total
-------------------------+-------+-------++-------
Melee: Mace              |     7 |       ||     7
       Constrict         |     4 |     9 ||    13
       Dagger            |     2 |    29 ||    31
       Tentacles         |     4 |     8 ||    12
       Hand axe          |     3 |       ||     3
       Punch             |       |     1 ||     1
 Cast: Sandblast         |    27 |    28 ||    55
  Use: Scroll            |       |     4 ||     4
Armor: Skin              |     3 |     4 ||     7
Dodge: Dodged            |    14 |    15 ||    29

Table legend: (Time is in decaauts)
 A = Elapsed time spent in this place.
 B = Non-inter-level travel time spent in this place.
 C = Inter-level travel time spent in this place.
 D = Time resting spent in this place.
 E = Time spent auto-exploring this place.
 F = Levels seen in this place.
 G = Mean time per level.
                   A        B        C        D        E       F      G
               +--------+--------+--------+--------+--------+-----+--------+
         Total |   3166 |   3166 |      0 |    557 |      0 |   4 |  791.5 |
       Dungeon |   3166 |   3166 |      0 |    557 |      0 |   4 |  791.5 |
               +--------+--------+--------+--------+--------+-----+--------+

Top non-repeatable levels by time:
     D:1: 1117 daAuts
     D:3: 973 daAuts
     D:2: 962 daAuts
     D:4: 113 daAuts
